[Event "Swedish Championship O65 2022"]
[Site "Uppsala"]
[Date "2022.07.05"]
[Round "4.3"]
[White "Bergstrom, Rolf"]
[Black "Franzen Hogberg, Thomas"]
[Result "1/2-1/2"]
[ECO "C02"]
[WhiteElo "2202"]
[BlackElo "1997"]
[Annotator "TA"]
[PlyCount "53"]
[EventDate "2022.07.01"]
[EventType "tourn"]
[EventCountry "SWE"]
[SourceTitle "playchess.com"]
[Source "ChessBase"]
[SourceQuality "1"]
[TimeControl "40/5400+30:1800+30"]

1. e4 e6 2. d4 d5 3. e5 c5 4. c3 Nc6 5. Nf3 Qb6 6. Na3 cxd4 7. cxd4 Bb4+ {[%emt 0:00:08] C02: French: Advance Variation.} 8. Bd2 a6 {[%emt 0:02:40] Prevents Nb5.} 9. Nc2 Bxd2+ 10. Qxd2 Qxb2 11. Bd3 Qb6 12. O-O Nge7 {[%emt 0:06:02] [#]} 13. Qg5 $146 {[%emt 0:03:02] [#] Black must now prevent Rab1.} ({Predecessor:} 13. Rab1 Qd8 14. Qf4 O-O 15. Ng5 Ng6 16. Qg3 h6 17. Nf3 Nce7 18. Nh4 Rb8 19. f4 {1-0 (59) Hitzker,J (1419)-Warneke,P (1236) Pinneberg 2014}) 13... Kf8 14. Rab1 Qc7 15. h4 h6 16. Qd2 f5 (16... Na5 $11) 17. h5 (17. exf6 $5 gxf6 18. Nb4 $11) 17... g5 (17... Qd8 $11 {keeps the balance.}) 18. hxg6 $1 $16 {[%emt 0:00:13] White is more active.} Nxg6 19. g3 Qg7 20. Kg2 {[%emt 0:05:33][%mdl 1024] White has strong compensation.} h5 21. Rh1 h4 22. Qg5 ({White should play} 22. Ng5 $16) 22... Rh5 23. Qd2 (23. Qxh5 $2 {is the wrong capture.} Nf4+ 24. Kf1 Nxh5 $19) ({Much weaker is} 23. Qf6+ Qxf6 24. exf6 Kf7 25. Nxh4 Nxh4+ 26. gxh4 b5 $15) 23... Rh8 24. Rh3 hxg3 25. Rxh8+ Nxh8 26. fxg3 Nf7 {[%emt 0:00:41] Prevents Ng5.} 27. a4 {[%emt 0:11:35] Weighted Error Value: White=0.16 (very precise) /Black=0.17 (very precise)} 1/2-1/2

[Event "Swedish Championship O65 2022"]
[Site "Uppsala"]
[Date "2022.07.05"]
[Round "4.4"]
[White "Bergstrom, Rolf"]
[Black "Franzen Hogberg, Thomas"]
[Result "*"]
[WhiteElo "2202"]
[BlackElo "1997"]
[Annotator "TA"]
[PlyCount "32"]
[EventDate "2022.07.01"]
[EventType "tourn"]
[EventCountry "SWE"]
[SourceTitle "playchess.com"]
[Source "ChessBase"]
[SourceQuality "1"]
[TimeControl "40/5400+30:1800+30"]

1. e4 e6 2. d4 d5 3. e5 c5 4. c3 Nc6 5. Nf3 Qb6 {[%emt 0:00:08] [#]} {Predecessor:} 6. a3 $146 {C02: French: Advance Variation.} c4 7. Nbd2 Na5 8. Rb1 Bd7 9. b4 cxb3 10. Nxb3 Ba4 11. Nxa5 Bxd1 12. Rxb6 axb6 13. Bb5+ Ke7 14. Kxd1 bxa5 15. a4 f6 16. g4 Kf7 {½-½ (51) Anand,V (2751)-Duda,J (2750) Warsaw 2022} *

[Event "Swedish Championship O65 2022"]
[Site "Uppsala"]
[Date "2022.07.05"]
[Round "4.4"]
[White "Carlsson, Ingvar"]
[Black "Marttala, Thomas"]
[Result "1/2-1/2"]
[ECO "B26"]
[WhiteElo "2030"]
[BlackElo "2164"]
[Annotator "TA"]
[PlyCount "65"]
[EventDate "2022.07.01"]
[EventType "tourn"]
[EventCountry "SWE"]
[SourceTitle "playchess.com"]
[Source "ChessBase"]
[SourceQuality "1"]
[TimeControl "40/5400+30:1800+30"]

1. e4 c5 2. Nc3 Nc6 3. g3 g6 4. Bg2 Bg7 5. d3 d6 6. Be3 Rb8 7. Qd2 b5 8. a3 a5 {[%emt 0:00:27] B26: Closed Sicilian: 3 g3, lines with early Be3.} 9. Nge2 Nd4 10. O-O e6 {[%emt 0:19:33] [#]} 11. Rac1 $146 ({Predecessor:} 11. Nd1 Nxe2+ 12. Qxe2 Ne7 13. Qd2 Nc6 14. Bh6 O-O 15. Bxg7 Kxg7 16. Ne3 e5 17. f4 {½-½ (58) Mascellani,M (2301)-Mrdja,M (2406) Pianoro 2011}) 11... b4 12. axb4 axb4 13. Nd1 Nxe2+ 14. Qxe2 Ne7 15. Qd2 O-O 16. Bh6 Nc6 17. Bxg7 Kxg7 18. Ne3 Nd4 19. Ra1 ({Much weaker is} 19. Ng4 f5 20. Ne3 f4 21. gxf4 Rxf4 $15) 19... Bb7 (19... d5 $5) 20. Ra7 ({But not} 20. Ng4 f5 21. Qh6+ Kg8 $15) 20... Nb5 {[%emt 0:01:02] The position is equal.} 21. Ra4 Ra8 22. Rfa1 (22. Raa1 {seems wilder.} d5 23. Ng4 dxe4 24. Qh6+) 22... Rxa4 23. Rxa4 h5 24. h4 Qe7 25. c3 bxc3 26. bxc3 Ra8 27. Rxa8 Bxa8 28. Qb2 Bc6 29. d4 cxd4 30. cxd4 {[%emt 0:00:03] [#] Threatens to win with d5+.} e5 31. dxe5 Qxe5 32. Qxe5+ dxe5 33. f3 {[%emt 0:01:00] Weighted Error Value: White=0.06 (flawless) /Black=0.08 (flawless)} 1/2-1/2

[Event "Swedish Championship O65 2022"]
[Site "Uppsala"]
[Date "2022.07.06"]
[Round "5.1"]
[White "Gillefalk, Bjorn"]
[Black "Dolata, Henryk"]
[Result "1-0"]
[ECO "C02"]
[WhiteElo "2047"]
[BlackElo "2055"]
[Annotator "TA"]
[PlyCount "67"]
[EventDate "2022.07.01"]
[EventType "tourn"]
[EventCountry "SWE"]
[SourceTitle "playchess.com"]
[Source "ChessBase"]
[SourceQuality "1"]
[TimeControl "40/5400+30:1800+30"]

1. e4 e6 2. d4 d5 3. e5 b6 4. c3 Qd7 5. Nf3 Ne7 6. h4 {[%emt 0:01:57] C02: French: Advance Variation.} h5 {[%emt 0:02:48] [#]} 7. Nbd2 $146 ({Predecessor:} 7. Bd3 Ba6 8. O-O Bxd3 9. Qxd3 Nf5 10. Bg5 Be7 11. Nbd2 Bxg5 12. hxg5 Nc6 13. a4 a5 {1-0 (65) Visakh,N (2516)-Papasimakopoulos,A (2251) Chess.com INT 2021}) 7... c5 8. Rh3 {[%emt 0:13:08] White is slightly better.} (8. Nb3 $5 ) 8... cxd4 9. cxd4 Ba6 10. Bxa6 Nxa6 11. Qe2 Nb4 {[%emt 0:01:12] [#] Strongly threatening ...Nc2+.} 12. Kf1 (12. Nb1 $1 $11) 12... Nf5 (12... Rc8 $17) 13. Nb1 $1 $15 Be7 14. Nc3 Rc8 15. Bg5 Rc4 16. Rd1 (16. Qd2 $11) 16... Nc6 17. Be3 g6 18. Qd2 Na5 19. Bg5 Rc7 20. Bxe7 {[%emt 0:00:31] Black must now prevent Bf6.} Qxe7 21. Nb5 Rc8 {[%emt 0:00:05] And now ...Nc4 would win.} 22. Ng5 (22. b3 $11) 22... Nc4 23. Qe2 a6 24. Nd6+ ({White should try} 24. Nc3 $15) 24... Ncxd6 $19 ({Not} 24... Nfxd6 25. exd6 Nxd6 26. Qxa6 $17) 25. exd6 Qxd6 26. Qxa6 O-O 27. Rb3 Rc2 (27... Qh2 $19 {aiming for ...Qh1+.} 28. Rh3 Qf4) 28. Qxb6 $2 {[%emt 0:00:59][%mdl 8192] [#]} (28. g3 $15) 28... Qf4 (28... Ne3+ $142 $1 29. Kg1 Qxb6 30. Rxb6 Nxd1) 29. Nf3 Rfc8 $2 ({Worse is} 29... Qe4 30. Re1 Qg4 31. Rc3 Rxc3 32. bxc3 $17) (29... Qg4 30. Rc3 Rxc3 31. bxc3 Nxh4) 30. Qb5 $2 (30. Qb4) 30... Rxf2+ $4 31. Kxf2 $18 {[%emt 0:00:31] White is clearly winning.} Rc2+ 32. Kg1 Nxh4 33. Qb8+ Qxb8 34. Rxb8+ {[%emt 0:00:02] What a bad dream for Black.  Weighted Error Value: White=0.79/Black=0.85} 1-0

[Event "Swedish Championship O65 2022"]
[Site "Uppsala"]
[Date "2022.07.06"]
[Round "5.2"]
[White "Soderberg, Per"]
[Black "Lagerborg, Krister"]
[Result "0-1"]
[ECO "B51"]
[WhiteElo "2111"]
[BlackElo "2138"]
[Annotator "TA"]
[PlyCount "62"]
[EventDate "2022.07.01"]
[EventType "tourn"]
[EventCountry "SWE"]
[SourceTitle "playchess.com"]
[Source "ChessBase"]
[SourceQuality "1"]
[TimeControl "40/5400+30:1800+30"]

1. e4 c5 2. Nf3 d6 3. Bb5+ Nd7 4. O-O a6 5. Bxd7+ Bxd7 6. c3 e6 {[%emt 0:03:10] B51: Sicilian: Moscow Variation (3 Bb5+) without 3...Bd7.} 7. Re1 Ne7 8. d4 Ng6 {[%emt 0:02:54] [#] The position is equal.} 9. a4 $146 ({Predecessor:} 9. Bg5 Qc7 10. Nh4 Rc8 11. d5 e5 12. Nd2 Be7 13. Qh5 Bxg5 14. Qxg5 Nxh4 15. Qxh4 {½-½ (30) Wang,C (2491)-Zhou,W (2628) Beijing 2012}) 9... b5 10. axb5 axb5 11. Rxa8 Qxa8 12. Na3 Be7 {[%emt 0:01:42][%cal Bf8e7,Be7d6,Bd6b8][%mdl 32] Against h4} 13. e5 Bc6 14. d5 Bxd5 15. exd6 ({White should try} 15. Nxb5 $15 Qc6 16. exd6 (16. Nxd6+ Bxd6 17. exd6 Bxf3 $11) 16... Qxb5 17. dxe7) 15... Bxd6 $17 {[%emt 0:08:18] White is on the road to losing.} 16. c4 (16. Nxb5 $17 {was called for.} Bb8 17. Be3) 16... bxc4 $19 17. Nb5 (17. Nxc4 {might work better.} Bc7 18. Na3) 17... Bb8 18. Re3 O-O {[%emt 0:02:03] And now ...Bf4 would win.} 19. Ne1 Qb7 20. Nc3 Bc6 21. Rh3 h6 22. Qg4 Bd5 23. f4 Qe7 24. Nc2 (24. Re3 {was necessary.} Nxf4 25. Nxd5 Nxd5 26. Ra3) 24... Qf6 25. Nxd5 exd5 26. f5 Ne5 27. Qh5 Nd3 {[%emt 0:02:18] Inhibits Ne1.} 28. Bxh6 Qxh6 29. Qd1 Qf4 30. Ne3 Qf2+ 31. Kh1 {[%emt 0:00:05] [#]} Qxe3 $3 {[%emt 0:01:18][%mdl 512] Weighted Error Value: White=0.94/Black=0.08 (flawless)} 0-1

[Event "Swedish Championship O65 2022"]
[Site "Uppsala"]
[Date "2022.07.06"]
[Round "5.3"]
[White "Alquist, Erik"]
[Black "Malmdin, Nils-Ake"]
[Result "1-0"]
[ECO "E11"]
[WhiteElo "1968"]
[BlackElo "2124"]
[Annotator "TA"]
[PlyCount "79"]
[EventDate "2022.07.01"]
[EventType "tourn"]
[EventCountry "SWE"]
[SourceTitle "playchess.com"]
[Source "ChessBase"]
[SourceQuality "1"]
[TimeControl "40/5400+30:1800+30"]

1. d4 Nf6 2. c4 e6 3. Nf3 Bb4+ 4. Bd2 c5 5. Bxb4 cxb4 6. a3 Qa5 {[%emt 0:11:14] E11: Bogo-Indian.} 7. Nbd2 {[%emt 0:07:17] [#]} Na6 $146 ({Black should try} 7... O-O $14) ({Predecessor:} 7... d6 8. e3 Nc6 9. Bd3 bxa3 10. Rxa3 Qb6 11. O-O O-O 12. Qa1 Nb4 13. Rc1 Bd7 14. Bf1 {1-0 (38) Secheres,A (2363)-Pap,M (2372) Novi Sad 2022}) 8. c5 {[%emt 0:09:35] Hoping for Nc4.} d5 {[%emt 0:01:27] Prevents Nc4.} (8... bxa3 $16 9. Rxa3 Qc7) 9. cxd6 $18 bxa3 10. Rxa3 Qb4 {[%emt 0:02:44] [#]} (10... Qd8 $142 11. e4 Bd7 12. Bxa6 bxa6) 11. e4 $1 O-O 12. e5 Nd5 13. Rb3 Qa5 14. Bd3 {[%emt 0:01:57][%cal Od3h7] Bxh7+! is the strong threat.} f5 $2 (14... Nab4 {was called for.} 15. Bc4 Bd7) 15. O-O {[%emt 0:02:04] [#] Strongly threatening Rb5.} Nab4 16. Bb1 Qd8 17. Nc4 Bd7 18. Qd2 a5 19. Rc1 h6 (19... Rc8 {was necessary.} 20. Ne3 Rxc1+ 21. Qxc1 Qa8) 20. Ne3 b6 21. Nxd5 Nxd5 22. Ne1 ({Better is} 22. Ra3 $18) 22... Qg5 $16 23. Qxg5 hxg5 24. Rd3 Rfc8 25. Rdd1 Ba4 (25... g4 {was worth a try.} 26. Ba2 Nb4) 26. Bc2 Nf4 $2 (26... Bxc2 27. Nxc2 (27. Rxc2 Rxc2 28. Nxc2 Kf7 $14) 27... Kf7) 27. Bxa4 $18 Rxc1 28. Rxc1 {[%emt 0:00:06] Threatens to win with Kf1.} Ne2+ 29. Kf1 Nxc1 {[%emt 0:00:07][%mdl 4096] Endgame KRN-KBN} 30. Nf3 b5 31. Bxb5 Rb8 32. Bc4 Rxb2 33. d7 Rb8 34. Nxg5 Kf8 35. Nxe6+ Ke7 36. d8=Q+ Rxd8 37. Nxd8 {[%emt 0:00:03] White wants to mate with Nc6+.} Kxd8 38. Ke1 {[%emt 0:00:25] White mates.} a4 39. Kd1 Nb3 40. Bxb3 {[%emt 0:00:28] Weighted Error Value: White=0.18 (very precise) /Black=0.51} 1-0

[Event "Swedish Championship O65 2022"]
[Site "Uppsala"]
[Date "2022.07.06"]
[Round "5.4"]
[White "Westin, Ake"]
[Black "Bergstrom, Rolf"]
[Result "1/2-1/2"]
[ECO "A03"]
[WhiteElo "1994"]
[BlackElo "2202"]
[Annotator "TA"]
[PlyCount "74"]
[EventDate "2022.07.01"]
[EventType "tourn"]
[EventCountry "SWE"]
[SourceTitle "playchess.com"]
[Source "ChessBase"]
[SourceQuality "1"]
[TimeControl "40/5400+30:1800+30"]

1. f4 Nf6 2. Nf3 g6 3. d3 d5 4. e3 Bg7 5. Be2 O-O 6. O-O c5 7. Qe1 Nc6 8. a4 Qc7 9. Qh4 {[%emt 0:02:21] A03: Bird's Opening with 1...d5.} e5 (9... a6 $15) 10. e4 dxe4 11. dxe4 Bg4 12. f5 gxf5 13. Bh6 $1 {[%emt 0:12:19] [#] Strongly threatening Bxg7.} Bxh6 $146 (13... fxe4 $2 14. Bxg7 Kxg7 15. Qg5+ Kh8 16. Qxf6+ Kg8 17. Nh4 $1 $18) ({Predecessor:} 13... Nxe4 14. Bxg7 Kxg7 15. Ng5 Nxg5 16. Qxg5+ Kh8 17. Qf6+ Kg8 18. Bxg4 fxg4 19. Rf5 Ne7 {1-0 (29) Bohn,T (2332)-Dillmann,M (2111) Germany 2016}) 14. Qxh6 Qd6 {[%emt 0:16:04] [#]} (14... Nxe4 $11 15. Ng5 Nxg5 16. Qxg5+ Kh8 17. Qf6+ Kg8 18. Qg5+ Kh8 19. Qf6+ Kg8 20. Qg5+) 15. Rd1 $2 (15. Ng5 $1 $16 {is necessary to keep the advantage.} Bxe2 16. Nc3) 15... Nd4 $17 16. Nxd4 Bxe2 ({Weaker is} 16... exd4 17. Bxg4 fxg4 18. Qg5+ Kh8 19. e5 $17) 17. Rd3 Nxe4 $4 18. Rg3+ {[%emt 0:02:59] Chess con chili.} (18. Qxd6 $18 Nxd6 19. Nxe2) 18... Bg4 19. Qxd6 Nxd6 20. Nxf5 {[%emt 0:01:03][%mdl 64] Remove Defender} Nxf5 21. Rxg4+ Kh8 {[%emt 0:01:53] Threatens to win with ...Ne3.} 22. Nd2 f6 {[%emt 0:03:41] Inhibits Rg5.} 23. Ra3 (23. Nc4 $142) 23... Rad8 $36 {[%emt 0:01:09][%mdl 2048] Keeping White busy.} 24. Nc4 (24. Ne4 $17) 24... Rd4 (24... Rd1+ $19 {and Black stays clearly on top.} 25. Kf2 Rc1) 25. Rxd4 Nxd4 {[%emt 0:00:06][%mdl 4096] Endgame KRN-KRN} (25... cxd4 $17 26. Rf3 Nh4) 26. Nd6 {[%emt 0:01:37] Prevents Rc8.} b6 ({But not} 26... Nxc2 27. Rc3 Nd4 28. Rxc5 $11) 27. c3 Nc6 28. Ra1 Kg7 29. g4 (29. Rf1 $1 $15) 29... Rd8 30. Ne4 {[%emt 0:00:26] [#]} Na5 $1 31. Rf1 Nc4 32. Nxf6 Nxb2 33. Nh5+ Kg8 34. Rf5 Nd3 (34... Nxa4 $17 35. Nf6+ Kg7 36. Nh5+ Kg6) 35. Nf6+ $11 {[%emt 0:01:32] The position is equal.} Kg7 36. Nh5+ Kg8 37. Nf6+ Kg7 {[%emt 0:01:36] Weighted Error Value: White=0.50/Black=0.56} 1/2-1/2

[Event "Swedish Championship O65 2022"]
[Site "Uppsala"]
[Date "2022.07.06"]
[Round "5.5"]
[White "Marttala, Thomas"]
[Black "Hedin, Gunnar"]
[Result "1/2-1/2"]
[ECO "C17"]
[WhiteElo "2164"]
[BlackElo "2051"]
[Annotator "TA"]
[PlyCount "50"]
[EventDate "2022.07.01"]
[EventType "tourn"]
[EventCountry "SWE"]
[SourceTitle "playchess.com"]
[Source "ChessBase"]
[SourceQuality "1"]
[TimeControl "40/5400+30:1800+30"]

1. e4 e6 2. d4 d5 3. Nc3 Bb4 4. e5 c5 5. Bd2 Ne7 6. a3 Bxc3 7. Bxc3 Nbc6 8. Nf3 cxd4 9. Nxd4 O-O {[%emt 0:13:11] C17: French: 3 Nc3 Bb4 4 e5 c5 sidelines.} 10. Nf3 Ng6 11. Bd3 {[%emt 0:05:46] [#]} (11. h4 $5 ) 11... d4 $146 (11... Qc7 $11 {remains equal.}) ({Predecessor:} 11... Qc7 12. Bxg6 fxg6 13. Qe2 Bd7 14. O-O Rf5 15. Rfe1 Raf8 16. Rad1 g5 17. h3 Rxf3 18. gxf3 {0-1 (44) Atanasov,G (2295)-Naumkin,I (2435) Prague 1989}) 12. Bb4 $16 Nxb4 13. Bxg6 (13. axb4 $16 Qe7 14. Qd2) 13... Nc6 $1 $11 14. Be4 {[%emt 0:25:36] [#]} Nxe5 $1 15. Nxe5 {[%emt 0:00:10] aiming for f4.} ({Wrong is} 15. Bxh7+ $2 Kxh7 16. Nxd4 Kg8 $19) 15... Qa5+ 16. c3 $1 Qxe5 17. Qxd4 Qxd4 18. cxd4 Bd7 19. Rc1 Rac8 20. Kd2 Bc6 (20... b6 $11 {might be stronger.}) 21. Bxc6 $14 {[%emt 0:00:56] White is more active.} bxc6 22. Rc5 Rfd8 23. Ke3 Rd5 24. Rhc1 Rxc5 25. Rxc5 Kf8 {[%emt 0:00:05] Weighted Error Value: White=0.15 (very precise) /Black=0.22 (precise)} 1/2-1/2

[Event "Swedish Championship O65 2022"]
[Site "Uppsala"]
[Date "2022.07.07"]
[Round "6.1"]
[White "Alquist, Erik"]
[Black "Gillefalk, Bjorn"]
[Result "0-1"]
[ECO "B32"]
[WhiteElo "1968"]
[BlackElo "2047"]
[Annotator "NA RC"]
[PlyCount "98"]
[EventDate "2022.07.01"]
[EventType "tourn"]
[EventCountry "SWE"]
[SourceTitle "playchess.com"]
[Source "ChessBase"]
[SourceQuality "1"]
[TimeControl "40/5400+30:1800+30"]

1. e4 c5 2. Nf3 Nc6 3. d4 cxd4 4. Nxd4 e5 5. Nb5 d6 6. c4 Be6 7. N5c3 Nf6 8. Bg5 Be7 9. Nd2 O-O 10. h4 Rc8 11. Be2 Nd4 12. b3 Qa5 13. Bxf6 Bxf6 14. Nb5 Nxb5 15. cxb5 d5 16. Kf1 Rfd8 17. Qe1 Rc2 18. Nf3 Qa3 19. Bd3 Rxa2 20. Rd1 Be7 21. exd5 Rxd5 22. Ng5 Bxg5 23. hxg5 g6 24. Bb1 Rb2 25. Be4 Rd4 26. g3 Qxb3 27. Rxd4 exd4 28. Kg2 Qxb5 29. Qd1 Qc5 30. Qf3 d3 31. Qf6 Rb6 32. Qd8+ Qf8 33. Qxd3 Qe7 34. Qd2 Rd6 35. Qf4 Bd5 36. Bxd5 Rxd5 37. Qb8+ Kg7 38. Qxa7 Qe4+ 39. Kh2 Rxg5 40. Qa1+ Qe5 41. Qb1 Rh5+ 42. Kg1 Rxh1+ 43. Kxh1 b5 44. Kg1 h6 45. Qb4 Qd5 46. Qc3+ Kh7 47. g4 Qc4 48. Qf3 b4 49. Kh2 Kg7 0-1

[Event "Swedish Championship O65 2022"]
[Site "Uppsala"]
[Date "2022.07.07"]
[Round "6.2"]
[White "Lagerborg, Krister"]
[Black "Dolata, Henryk"]
[Result "1/2-1/2"]
[ECO "B20"]
[WhiteElo "2138"]
[BlackElo "2055"]
[Annotator "NA RC"]
[PlyCount "66"]
[EventDate "2022.07.01"]
[EventType "tourn"]
[EventCountry "SWE"]
[SourceTitle "playchess.com"]
[Source "ChessBase"]
[SourceQuality "1"]
[TimeControl "40/5400+30:1800+30"]

1. e4 e6 2. Qe2 c5 3. f4 d6 4. Nf3 Nc6 5. c3 g6 6. g3 Bg7 7. Bg2 Nge7 8. O-O O-O 9. d3 b6 10. Be3 Bb7 11. Nbd2 Rc8 12. Rae1 Qd7 13. h4 f5 14. h5 Nd8 15. Nh4 Nf7 16. g4 fxg4 17. hxg6 Nh6 18. gxh7+ Kxh7 19. Bh1 Qe8 20. Qh2 Qh5 21. Ng2 Qxh2+ 22. Kxh2 Ba6 23. Nc4 d5 24. exd5 exd5 25. Bd2 Nef5 26. Ne5 Rfe8 27. Ne3 Bxe5 28. fxe5 Bxd3 29. Rf4 g3+ 30. Kh3 Rxe5 31. Nxd5 Rxe1 32. Bxe1 Kg7 33. Bxg3 Nxg3 1/2-1/2

[Event "Swedish Championship O65 2022"]
[Site "Uppsala"]
[Date "2022.07.07"]
[Round "6.3"]
[White "Bergstrom, Rolf"]
[Black "Soderberg, Per"]
[Result "0-1"]
[ECO "B22"]
[WhiteElo "2202"]
[BlackElo "2111"]
[Annotator "RC"]
[PlyCount "62"]
[EventDate "2022.07.01"]
[EventType "tourn"]
[EventCountry "SWE"]
[SourceTitle "playchess.com"]
[Source "ChessBase"]
[SourceQuality "1"]
[TimeControl "40/5400+30:1800+30"]

1. e4 c5 2. c3 e5 3. Nf3 Nc6 4. Bc4 Qc7 5. O-O Be7 6. Bb3 Nf6 7. d3 O-O 8. Bg5 d6 9. Nbd2 b5 10. Re1 a5 11. a4 b4 12. Nc4 Be6 13. Ne3 Rab8 14. Bc4 Kh8 15. Bh4 Nd8 16. Bxf6 Bxf6 17. Nd5 Bxd5 18. Bxd5 Ne6 19. g3 g6 20. Nd2 Bg7 21. Nc4 h6 22. Qg4 Ng5 23. Qe2 f5 24. Rf1 f4 25. h4 f3 26. Qd1 Nh3+ 27. Kh2 Qd7 28. Ne3 Nf4 29. g4 h5 30. Rh1 Ne2 31. Kh3 Bh6 0-1

[Event "Swedish Championship O65 2022"]
[Site "Uppsala"]
[Date "2022.07.07"]
[Round "6.4"]
[White "Bellon Lopez, Juan Manuel"]
[Black "Carlsson, Ingvar"]
[Result "1-0"]
[ECO "A45"]
[WhiteElo "2330"]
[BlackElo "2030"]
[Annotator "RC"]
[PlyCount "103"]
[EventDate "2022.07.01"]
[EventType "tourn"]
[EventCountry "SWE"]
[SourceTitle "playchess.com"]
[Source "ChessBase"]
[SourceQuality "1"]
[TimeControl "40/5400+30:1800+30"]

1. d4 Nf6 2. Bg5 e6 3. e3 h6 4. Bh4 Be7 5. Nd2 b6 6. Qf3 Nc6 7. c3 Bb7 8. Bxf6 Bxf6 9. O-O-O Qe7 10. Ne4 O-O-O 11. Nxf6 gxf6 12. Qh5 f5 13. Nh3 Qf6 14. Be2 Ne7 15. Bf3 Bxf3 16. Qxf3 d5 17. Nf4 Ng6 18. Nd3 Qe7 19. g3 Kb8 20. h4 Qe8 21. Kb1 Qb5 22. Rd2 Rc8 23. Rc1 h5 24. b3 a5 25. Ka1 Ka7 26. c4 Qd7 27. c5 b5 28. c6 Qd6 29. Rc5 Rb8 30. Rdc2 Rb6 31. Qe2 e5 32. dxe5 Nxe5 33. Qd2 Nxc6 34. Nf4 d4 35. exd4 Nxd4 36. Qxa5+ Kb8 37. R2c3 Nxb3+ 38. axb3 Ra6 39. Rxb5+ Ka7 40. Nd5 Rxa5+ 41. Rxa5+ Kb8 42. Rb5+ Kc8 43. Rxc7+ Qxc7 44. Nxc7 Kxc7 45. Rxf5 Rh7 46. Kb2 Kd6 47. b4 Ke6 48. Rc5 f5 49. Kb3 Rf7 50. b5 f4 51. Kb4 fxg3 52. fxg3 1-0

[Event "Swedish Championship O65 2022"]
[Site "Uppsala"]
[Date "2022.07.07"]
[Round "6.5"]
[White "Ekelund, Kurt"]
[Black "Marttala, Thomas"]
[Result "0-1"]
[ECO "B83"]
[WhiteElo "1939"]
[BlackElo "2164"]
[Annotator "RC"]
[PlyCount "64"]
[EventDate "2022.07.01"]
[EventType "tourn"]
[EventCountry "SWE"]
[SourceTitle "playchess.com"]
[Source "ChessBase"]
[SourceQuality "1"]
[TimeControl "40/5400+30:1800+30"]

1. e4 c5 2. Nf3 Nc6 3. Nc3 d6 4. d4 cxd4 5. Nxd4 e6 6. Be2 Be7 7. Be3 Nf6 8. f4 Bd7 9. O-O O-O 10. Qe1 e5 11. Nxc6 Bxc6 12. fxe5 dxe5 13. Rd1 Qc7 14. Nd5 Bxd5 15. exd5 Bc5 16. Qf2 Ne4 17. Qf3 f5 18. Kh1 Nd6 19. c3 a5 20. a3 a4 21. Bxc5 Qxc5 22. Qg3 Rf6 23. Bd3 Re8 24. Bc2 b5 25. Qh3 e4 26. Rd4 Rh6 27. Qg3 Rg6 28. Qh3 Rf6 29. Qg3 Rg6 30. Qh3 Re5 31. Qh4 Rf6 32. b4 Qxc3 0-1

[Event "Swedish Championship O65 2022"]
[Site "Uppsala"]
[Date "2022.07.08"]
[Round "7.1"]
[White "Gillefalk, Bjorn"]
[Black "Soderberg, Per"]
[Result "0-1"]
[ECO "D37"]
[WhiteElo "2047"]
[BlackElo "2111"]
[Annotator "NA RC"]
[PlyCount "90"]
[EventDate "2022.07.01"]
[EventType "tourn"]
[EventCountry "SWE"]
[SourceTitle "playchess.com"]
[Source "ChessBase"]
[SourceQuality "1"]
[TimeControl "40/5400+30:1800+30"]

1. d4 d5 2. c4 e6 3. Nf3 a6 4. cxd5 exd5 5. Nc3 Nf6 6. Bg5 Be7 7. e3 h6 8. Bh4 O-O 9. Bd3 Nbd7 10. Bg3 c5 11. O-O b5 12. dxc5 Nxc5 13. Nd4 Bb7 14. Nf5 Nxd3 15. Qxd3 Re8 16. Be5 Bf8 17. Qd4 Re6 18. Rfd1 Rc8 19. e4 Nxe4 20. Nxe4 Rc4 21. Qa7 Rxe5 22. Qxb7 Rcxe4 23. Ng3 Rb4 24. b3 Qf6 25. Rac1 Rf4 26. Rc6 Qe7 27. Qxe7 Bxe7 28. Rxa6 Bc5 29. Rf1 d4 30. Ra8+ Kh7 31. Rd8 Kg6 32. Rd1 b4 33. Kf1 Rf6 34. f3 Ra6 35. Rd2 f5 36. Ne2 Kf6 37. Nxd4 Ke7 38. Ne2 Rae6 39. R8d5 Be3 40. Rxe5 Rxe5 41. Rd3 f4 42. g3 g5 43. gxf4 gxf4 44. Nd4 Rc5 45. Kg2 Kf6 0-1

[Event "Swedish Championship O65 2022"]
[Site "Uppsala"]
[Date "2022.07.08"]
[Round "7.2"]
[White "Bellon Lopez, Juan Manuel"]
[Black "Lagerborg, Krister"]
[Result "1/2-1/2"]
[ECO "D00"]
[WhiteElo "2330"]
[BlackElo "2138"]
[Annotator "RC"]
[PlyCount "132"]
[EventDate "2022.07.01"]
[EventType "tourn"]
[EventCountry "SWE"]
[SourceTitle "playchess.com"]
[Source "ChessBase"]
[SourceQuality "1"]
[TimeControl "40/5400+30:1800+30"]

1. d4 Nf6 2. Nf3 g6 3. Nc3 d5 4. Bf4 Nh5 5. Be5 f6 6. Bg3 Bg7 7. e3 Nxg3 8. hxg3 c6 9. e4 Be6 10. Bd3 Nd7 11. exd5 cxd5 12. Rxh7 Kf7 13. Rh4 Qb6 14. Rb1 g5 15. Rh2 Rxh2 16. Nxh2 Rh8 17. Nf1 Rh1 18. g4 Kf8 19. Bf5 Nb8 20. Bxe6 Qxe6+ 21. Qe2 Qd7 22. Rd1 Nc6 23. Rd3 f5 24. gxf5 Nxd4 25. Qd1 Nxf5 26. Nxd5 Bxb2 27. Qf3 Kg7 28. g4 Qe6+ 29. Nde3 Nxe3 30. Rxe3 Bc3+ 31. Ke2 Qc4+ 32. Rd3 Qe6+ 33. Re3 Qc4+ 34. Rd3 Qe6+ 35. Qe3 Qxg4+ 36. f3 Qg2+ 37. Qf2 Qxf2+ 38. Kxf2 Bb4 39. Rd5 b6 40. Rxg5+ Kf6 41. Rg4 Bc5+ 42. Ke2 Rg1 43. Ng3 Ke5 44. Kd3 Kd5 45. c4+ Kc6 46. Ne4 Rd1+ 47. Kc2 Ra1 48. Rg6+ Bd6 49. f4 Rxa2+ 50. Kd3 Kd7 51. Nxd6 exd6 52. f5 Ke7 53. Re6+ Kd7 54. Ke3 a5 55. Re4 Rh2 56. f6 Rh7 57. Kd4 Rf7 58. Rf4 Ke6 59. Rf1 Rxf6 60. Rb1 Rf4+ 61. Kd3 a4 62. Rxb6 Ke5 63. Rb5+ Ke6 64. Ra5 a3 65. Kc3 Rf3+ 66. Kb4 Kd7 1/2-1/2

[Event "Swedish Championship O65 2022"]
[Site "Uppsala"]
[Date "2022.07.08"]
[Round "7.3"]
[White "Marttala, Thomas"]
[Black "Alquist, Erik"]
[Result "1/2-1/2"]
[ECO "C07"]
[WhiteElo "2164"]
[BlackElo "1968"]
[Annotator "RC"]
[PlyCount "43"]
[EventDate "2022.07.01"]
[EventType "tourn"]
[EventCountry "SWE"]
[SourceTitle "playchess.com"]
[Source "ChessBase"]
[SourceQuality "1"]
[TimeControl "40/5400+30:1800+30"]

1. e4 e6 2. d4 d5 3. Nd2 c5 4. Ngf3 cxd4 5. exd5 Qxd5 6. Bc4 Qd6 7. O-O Nf6 8. Nb3 Nc6 9. Re1 Be7 10. Nbxd4 Nxd4 11. Qxd4 Qxd4 12. Nxd4 O-O 13. Bf4 Bd7 14. Rad1 Rac8 15. Bb3 Rfe8 16. h3 h6 17. c3 Kf8 18. Be5 Red8 19. Nc2 Bc6 20. Bd4 b6 21. Ne3 Nd5 22. Nxd5 1/2-1/2